AoeStats
← 只会打步弓

Arabia

510131037Analyzed
1v1 RM · 2d ago on Sep 29, 2026· 27m 36s· 2 players
Game mode
Random Map
Map size
Tiny (2 player)
Population
200
Speed
Normal
Resources
Standard
Victory
Conquest
Starting age
Dark Age
Ending age
Imperial Age
RankedLock teamsTeams togetherTeam positionsShared explorationLock speedFull tech treeHidden civsTurbo modeCheats
Victory
Defeat
🇨🇳 Mapuche · China
1931
+17
🇩🇰 Varangians · Denmark
1951
-17
只会打步弓
6:26 Loom
9:14 Feudal Age
9:51 Double-Bit Axe
10:46 Champi Runner
20:16 Castle Age
18:33 Fletching
19:22 Horse Collar
19:37 Gold Mining
20:16 Padded Archer Armor
20:56 Bodkin Arrow
22:07 Leather Archer Armor
24:27 Ballistics
25:48 Bow Saw
elbanovic
4:41 Loom
9:17 Feudal Age
10:21 Double-Bit Axe
10:38 Horse Collar
17:45 Bloodlines
20:21 Fletching
24:19 Castle Age
22:50 Gold Mining
23:44 Padded Archer Armor
24:21 Elite Skirmisher
24:51 Light Cavalry
26:09 Bodkin Arrow
Connection lost

Rejoining the realm…

Still unreachable

The connection could not be restored.

Session expired

The server has moved on; the page needs a fresh start.